 Dungeon Crawl Stone Soup version 0.22-a0-93-g6b88ebb (webtiles) character file.

79 KristoblXynda the Shield-Bearer (level 4, -1/38 HPs)
             Began as a Draconian Fighter on Jan 24, 2018.
             Killed by nerve-wracking pain
             ... invoked by Grinder
              (7 damage)
             ... while paralysed by Grinder
             ... on level 3 of the Dungeon.
             The game lasted 00:02:50 (1368 turns).

KristoblXynda the Shield-Bearer (Draconian Fighter) Turns: 1368, Time: 00:02:50

Health: -1/38      AC:  8    Str: 24    XL:     4   Next: 17%
Magic:  4/4        EV:  2    Int:  9    God:
Gold:   48         SH:  0    Dex: 10    Spells: 3/3 levels left

rFire    . . .     SeeInvis .     - Unarmed
rCold    . . .     Gourm    .   a - +0 shield
rNeg     . . .     Faith    .   (armour unavailable)
rPois    .         Spirit   .   (helmet restricted)
rElec    .         Reflect  .   (no cloak)
rCorr    .         Harm     .   k - +2 pair of gloves
MR       .....                  (no boots)
Stlth    +.........             (no amulet)
HPRegen  0.12/turn              h - +4 ring of evasion
MPRegen  0.09/turn              (no ring)

@: paralysed, mighty
A: unfitting armour, cold-blooded, AC +5
a: no special abilities


You were on level 3 of the Dungeon.
You were hungry.

You visited 1 branch of the dungeon, and saw 3 of its levels.

You collected 48 gold pieces.

Inventory:

Missiles
 i - 5 javelins (quivered)
Armour
 a - a +0 shield (worn)
 k - a +2 pair of gloves (worn)
Jewellery
 h - a +4 ring of evasion (left hand)
Scrolls
 d - 7 scrolls of identify
 j - 2 scrolls of remove curse {unknown}
 m - a scroll of teleportation {unknown}
 n - a scroll of magic mapping {unknown}
Potions
 b - a potion of might
 e - a potion of heal wounds {unknown}
 f - 2 potions of haste
 g - a potion of brilliance {unknown}
 o - a potion of flight {unknown}
Books
 p - a book of Minor Magic

   Spells                             Type                      Level
   a - Magic Dart                     Conjuration                  1
   b - Blink                          Translocation                2
   c - Call Imp                       Summoning                    2
   d - Slow                           Hexes                        2
   e - Conjure Flame                  Conjuration/Fire             3
   f - Mephitic Cloud                 Conjuration/Poison/Air       3
Comestibles
 c - 4 rations


   Skills:
 - Level 3.2 Fighting
 + Level 3.2 Dodging
 + Level 3.5 Shields
 * Level 3.4 Unarmed Combat


You had 3 spell levels left.
You didn't know any spells.

Dungeon Overview and Level Annotations

Branches:
Dungeon (3/15)

Altars:

Annotations:
D:3 Grinder


Innate Abilities, Weirdness & Mutations

Your plain brown scales are hard. (AC +5)
You cannot fit into any form of body armour.
You are cold-blooded and may be slowed by cold attacks.


Message History

It is a scroll of identify.
f - 2 potions of haste
Okay, then.
You feel very mighty all of a sudden.
You barely miss Grinder. You block Grinder's attack.
You hit Grinder.
Grinder is lightly wounded.
Grinder says, "Mostly I couldn't keep them alive."
Grinder gestures at you.
You suddenly lose the ability to move!
Grinder hits you!
You writhe in agony.
Grinder hits you but does no damage. Grinder hits you!
You writhe in agony.
Grinder hits you!
* * * LOW HITPOINT WARNING * * *
You writhe in agony.
* * * LOW HITPOINT WARNING * * *
Grinder gestures at you. Pain shoots through your body!
You die...

### #####.##....# ..
..#.........#
###.####.#.#.#.....#
###......#.#.#...#+#..
#....5.# #.#.#.....'..
#......+ #.#...#.###..
#....>.###.#..........
#'####.......#(#.≈..
#.5@...#[...)...≈.≈.
#####............≈..
#.............≈...≈
#.##.###.....≈.≈.≈.
#.....##......≈...≈
########....≈...≈..
#...≈.≈.≈.≈.
#....≈...≈..


You could see Grinder.

Vanquished Creatures
  3 adders
  3 worms
  A dart slug (D:1)
  3 leopard geckos
  5 bats
  3 giant cockroaches
  A goblin (D:2)
  5 hobgoblins
  A quokka (D:2)
  5 frilled lizards
  5 kobolds
  6 rats
41 creatures vanquished.

Notes
Turn   | Place    | Note
-------+----------+-------------------------------------------
     0 | D:1      | KristoblXynda the Draconian Fighter began the quest for the Orb.
     0 | D:1      | Reached XP level 1. HP: 19/19 MP: 1/1
   126 | D:1      | Reached XP level 2. HP: 21/26 MP: 2/2
   769 | D:2      | Reached XP level 3. HP: 31/31 MP: 3/3
  1314 | D:3      | Reached XP level 4. HP: 36/38 MP: 4/4
  1357 | D:3      | Noticed Grinder
  1363 | D:3      | Paralysed by Grinder for 7 turns
  1368 | D:3      | Killed from afar by Grinder

Vault maps used:
D:1:      lemuel_arrival_broad_hall, st_stairs_10, wad_floor_pattern_untrapped,
          serial_bayou_pond_c
D:3:      first_ration, grunt_ministairs_11, interstate_on_off,
          kennysheep_doodads, uniq_grinder, uniq_sigmund

Skill      XL: |  1  2  3 |
---------------+----------+-----
Dodging        | 3 |  3.2
Unarmed Combat | 3 |  3.4
Fighting       | |  3.2
Shields        | |  3.5

Action                   |  1- 3 |  4- 6 || total
-------------------------+-------+-------++-------
Melee: Unarmed           |   167 |     7 ||   174
       Tailslap          |    13 |     1 ||    14
  Use: Scroll            |       |     1 ||     1
       Potion            |       |     1 ||     1
 Stab: Sleeping          |     2 |       ||     2
  Eat: Chunk             |     1 |       ||     1
Armor: Skin              |    41 |     1 ||    42
Dodge: Dodged            |   101 |     3 ||   104
Block: Shield            |    83 |     3 ||    86

Table legend:
 A = Spawn XP
 B = Non-spawn XP
 C = Spawn XP percentage of total XP
 D = Spawn monster count
 E = Non-spawn monster count
 F = Spawn count percentage of total count
 G = Total turns spent on level
                    A         B        C        D         E        F      G
               +---------+---------+-------+---------+---------+-------+---------
         Total |       0 |     114 |   0.0 |       0 |      41 |   0.0 |  1368
               +---------+---------+-------+---------+---------+-------+---------
           D:1 |       0 |      26 |   0.0 |       0 |      15 |   0.0 |   578
           D:2 |       0 |      68 |   0.0 |       0 |      23 |   0.0 |   714
           D:3 |       0 |      20 |   0.0 |       0 |       3 |   0.0 |    76
               +---------+---------+-------+---------+---------+-------+---------
